 Dungeon Crawl Stone Soup version 0.29.1-1-gd02db6906a (webtiles) character file.

Game seed: 8363295935425429720

452 Kaiern the Shooter (level 6, 0/56 HPs)
             Began as a Minotaur Hunter on Oct 5, 2022.
             Slain by a steam dragon (3 damage)
             ... on level 4 of the Dungeon.
             The game lasted 00:17:00 (3407 turns).

Kaiern the Shooter (Minotaur Hunter)                Turns: 3407, Time: 00:17:00

Health: 0/56       AC:  9    Str: 16    XL:     6   Next: 75%
Magic:  5/5        EV:  9    Int:  6    God:
Gold:   160        SH:  0    Dex: 21    Spells: 5/5 levels left

rFire   . . .      SeeInvis .   a - +0 shortbow
rCold   . . .      Faith    .   (shield currently unavailable)
rNeg    . . .      Spirit   .   A - +0 chain mail
rPois   +          Reflect  .   (helmet restricted)
rElec   .          Harm     .   n - scarf {repulsion}
rCorr   .          Rampage  .   (no gloves)
Will    .....                   z - +0 pair of boots
Stlth   ..........              (no amulet)
HPRegen 0.18/turn               k - ring of poison resistance
MPRegen 0.09/turn               u - +6 ring of dexterity

@: repel missiles
A: horns 2, retaliatory headbutt
a: no special abilities


You were on level 4 of the Dungeon.
You visited 1 branch of the dungeon, and saw 4 of its levels.

You collected 160 gold pieces.

Inventory:

Hand Weapons
 a - a +0 shortbow (weapon)
 b - a +0 war axe
Missiles
 s - 4 poisoned darts
 w - 2 throwing nets
Armour
 m - a +0 cloak
 n - a scarf of repulsion (worn)
 z - a +0 pair of boots (worn)
 A - a +0 chain mail (worn)
Jewellery
 k - a ring of poison resistance (left hand)
 u - a +6 ring of dexterity (right hand)
Scrolls
 d - 2 scrolls of fog {unknown}
 f - 6 scrolls of identify {unknown}
 h - 3 scrolls of poison {unknown}
 i - 2 scrolls of immolation
 j - 2 scrolls of blinking {unknown}
 p - a scroll of amnesia {unknown}
 q - a scroll of magic mapping {unknown}
 r - a scroll of enchant weapon {unknown}
 x - 3 scrolls of silence {unknown}
 y - a scroll of fear {unknown}
Potions
 c - a potion of flight {unknown}
 e - 2 potions of mutation {unknown}
 g - 2 potions of curing {unknown}
 l - 2 potions of heal wounds {unknown}
 o - a potion of lignification {unknown}
 t - a potion of attraction {unknown}
 v - 2 potions of might {unknown}


   Skills:
 + Level 5.2 Fighting
 + Level 6.2 Ranged Weapons
 + Level 1.9 Armour
 + Level 4.7 Dodging
 - Level 0.7 Stealth


You had 5 spell levels left.
You didn't know any spells.
Your spell library was empty.

Dungeon Overview and Level Annotations

Branches:
Dungeon (4/15)
 Temple: D:4-7

Altars:


Innate Abilities, Weirdness & Mutations

You have a pair of horns on your head.
You reflexively headbutt those who attack you in melee.


Message History

The steam dragon bites you but does no damage.
The steam dragon closely misses you.
The steam dragon attacks as you move away!
The steam dragon barely misses you. x2
Fire: a) +0 shortbow
Press: ? - help, Q - select action, (/) - cycle Shift-Dir - straight line, f/p - steam dragon
Aim: a steam dragon (almost dead, catching its breath, 67% to hit)
You shoot an arrow.
The arrow barely misses the steam dragon.
The steam dragon bites you!
* * * LOW HITPOINT WARNING * * *
The steam dragon claws you.
* * * LOW HITPOINT WARNING * * *
Fire: a) +0 shortbow
Press: ? - help, Q - select action, (/) - cycle Shift-Dir - straight line, f/p - steam dragon
Aim: a steam dragon (almost dead, 67% to hit)
You shoot an arrow.
The arrow barely misses the steam dragon.
The steam dragon bites you but does no damage.
The steam dragon claws you but does no damage.
The steam dragon barely misses you.
The steam dragon claws you but does no damage.
Fire: a) +0 shortbow
Press: ? - help, Q - select action, (/) - cycle Shift-Dir - straight line, f/p - steam dragon
Aim: a steam dragon (almost dead, 67% to hit)
You shoot an arrow.
The arrow hits the steam dragon but does no damage.
The steam dragon is almost dead.
The steam dragon bites you but does no damage.
The steam dragon barely misses you.
Fire: a) +0 shortbow
Press: ? - help, Q - select action, (/) - cycle Shift-Dir - straight line, f/p - steam dragon
Aim: a steam dragon (almost dead, 67% to hit)
You shoot an arrow.
The arrow hits the steam dragon but does no damage.
The steam dragon is almost dead.
The steam dragon bites you.
* * * LOW HITPOINT WARNING * * *
The steam dragon claws you.
You die...

##### #...#
#################...#
....................#
..........# #.....#
........?.# ###.#...#
.......D..###...##.##
#..$...@......####..#
..####.##...### ##.#
.####.......# #.#
#.......###.# #.##
..#####..##.## #..#
##.##..## ##.# ###
#..##..# #.# ...
##.###.# ###.#
#.#####.###.###...#


You could see a steam dragon.

Vanquished Creatures
  A scorpion (D:4)
  2 orc priests
  Natasha (thrice) (D:2)
  An iguana (D:4)
  Robin (D:3)
  3 gnolls (D:3)
  9 adders
  An ufetubus (D:3)
  2 worms
  7 orcs
  5 ball pythons
  4 endoplasms
  5 giant cockroaches
  11 hobgoblins
  6 jackals
  A quokka (D:1)
  8 bats
  4 frilled lizards
  18 goblins
  6 kobolds
  5 rats
103 creatures vanquished.

Notes
Turn   | Place    | Note
-------+----------+-------------------------------------------
     0 | D:1      | Kaiern the Minotaur Hunter began the quest for the Orb.
     0 | D:1      | Reached XP level 1. HP: 18/18 MP: 0/0
   113 | D:1      | Reached XP level 2. HP: 25/25 MP: 1/1
   546 | D:2      | Reached XP level 3. HP: 22/31 MP: 2/2
   665 | D:2      | Noticed Natasha
   672 | D:2      | Killed Natasha
   673 | D:2      | Reached skill level 5 in Ranged Weapons
   673 | D:2      | Reached XP level 4. HP: 39/39 MP: 3/3
   942 | D:2      | Found a faded altar of an unknown god.
   978 | D:2      | Noticed Natasha
   986 | D:2      | Killed Natasha
  1007 | D:2      | Noticed Natasha
  1016 | D:2      | Killed Natasha
  1017 | D:2      | Reached XP level 5. HP: 27/46 MP: 4/4
  1184 | D:3      | Noticed Robin
  1607 | D:3      | Killed Robin
  2164 | D:3      | Reached XP level 6. HP: 54/55 MP: 5/5
  2616 | D:3      | Reached skill level 1 in Armour
  2965 | D:4      | Reached skill level 5 in Fighting
  2965 | D:4      | Reached skill level 6 in Ranged Weapons
  3392 | D:4      | Noticed a steam dragon
  3407 | D:4      | Slain by a steam dragon

Illustrated notes

Levels and vault maps discovered:
D:1:      minmay_arrival_open_corners, layout_rooms
D:2:      layout_rooms, ebering_ecumenical_altar_mist, uniq_natasha
D:3:      layout_basic, cheibrodos_sewer_entry_sluice, uniq_robin
D:4:      layout_rooms

Skill      XL: |  1  2  3  4  5  6 |
---------------+-------------------+-----
Fighting       | 3 4 5 |  5.2
Dodging        | 3 4 |  4.7
Ranged Weapons | 5 6 |  6.2
Armour         | 1 |  1.9
Stealth        | |  0.7

Action                   |  1- 3 |  4- 6 || total
-------------------------+-------+-------++-------
Melee: Dagger            |     4 |       ||     4
       Short sword       |     2 |     3 ||     5
       Rapier            |       |    49 ||    49
       Headbutt          |       |    13 ||    13
       Hand axe          |       |    10 ||    10
 Fire: Shortbow          |    70 |   147 ||   217
Armor: Leather armour    |     6 |    20 ||    26
       Chain mail        |       |    20 ||    20
Dodge: Dodged            |    17 |   105 ||   122
